 Dungeon Crawl Stone Soup version 0.24.0-1-gfbc8707122 (webtiles) character file.

Game seed: 12954016217226253699, levelgen mode: deterministic

85 stripedtigrrr the Magician (level 4, -1/27 HPs)
             Began as an Octopode Wizard on Oct 27, 2019.
             Slain by an orc priest
             ... wielding a cursed +0 war axe
              (6 damage)
             ... on level 3 of the Dungeon.
             The game lasted 00:12:23 (2847 turns).

stripedtigrrr the Magician (Octopode Wizard)        Turns: 2847, Time: 00:12:23

Health: -1/27      AC:  1    Str:  6    XL:     4   Next: 48%
Magic:  4/9        EV: 13    Int: 20    God:
Gold:   106        SH:  0    Dex: 11    Spells: 2/10 levels left

rFire    . . .     SeeInvis .   (no weapon)
rCold    . . .     Gourm    .   (no shield)
rNeg     . . .     Faith    .   a - +0 hat
rPois    .         Spirit   .   (no amulet)
rElec    .         Reflect  .   (no ring)
rCorr    .         Harm     .   (no ring)
MR       .....                  (no ring)
Stlth    +++.......             (no ring)
HPRegen  0.09/turn              (no ring)
MPRegen  0.11/turn              (no ring)
                                (no ring)
                                (no ring)

@: no status effects
A: almost no armour, stealthy swim, amphibious, 8 rings, constrict 8, camouflage
1, gelatinous body 1
a: no special abilities


You were on level 3 of the Dungeon.
You were not hungry.

You visited 1 branch of the dungeon, and saw 3 of its levels.

You collected 106 gold pieces.

Inventory:

Hand Weapons
 p - a +0 hunting sling
Missiles
 l - 81 stones (quivered)
 m - 5 boomerangs
 q - 16 sling bullets
Armour
 a - a +0 hat (worn)
Scrolls
 c - 2 scrolls of fear {unknown}
 d - a scroll of blinking {unknown}
 e - a scroll of remove curse {unknown}
 g - a scroll of amnesia {unknown}
 h - a scroll of identify {unknown}
 o - a scroll of teleportation {unknown}
 r - a scroll of fog {unknown}
Potions
 f - a potion of flight {unknown}
 i - 2 potions of curing {unknown}
 j - a potion of haste {unknown}
 k - a potion of brilliance {unknown}
Comestibles
 b - 2 rations
 n - 2 chunks of flesh


   Skills:
 + Level 0.5 Fighting
 + Level 2.1 Dodging
 * Level 3.2 Stealth
 + Level 0.8 Unarmed Combat
 + Level 3.7 Spellcasting
 * Level 2.0 Conjurations
 * Level 1.3 Summonings
 * Level 1.5 Translocations


You had 2 spell levels left.
You knew the following spells:

 Your Spells              Type           Power        Failure   Level  Hunger
a - Magic Dart            Conj           ##..         6%          1    None
b - Call Imp              Summ           #.......     12%         2    ##.....
c - Blink                 Tloc           N/A          11%         2    ##.....
d - Mephitic Cloud        Conj/Pois/Air  #.......     30%         3    ###....

Your spell library contained the following spells:

 Spells                   Type           Power        Failure   Level  Hunger
 Slow                     Hex            #.......     21%         2    ##.....
 Conjure Flame            Conj/Fire      #.......     26%         3    ###....


Dungeon Overview and Level Annotations

Branches:
Dungeon (3/15)

Altars:
Vehumet


Innate Abilities, Weirdness & Mutations

You cannot wear most types of armour.
You are very stealthy in the water. (Stealth+)
You are amphibious.
You can wear up to eight rings at the same time.
You can use your tentacles to constrict eight enemies at once.
Your skin changes colour to match your surroundings (Stealth+).
Your rubbery body absorbs attacks. (AC +1, EV +1)


Message History

The orc is severely wounded.
You constrict the orc. The orc barely misses you.
You tentacle-slap the orc but do no damage.
The orc is almost dead.
You constrict the orc.
You kill the orc!
You barely miss the orc priest. You grab the orc priest.
You constrict the orc priest.
The orc priest hits you with a cursed +0 war axe.
The orc wizard begins to cast a cantrip, but forgets the words!
You tentacle-slap the orc priest but do no damage.
The orc priest is lightly wounded.
You constrict the orc priest.
The orc priest hits you with a cursed +0 war axe!
* * * LOW HITPOINT WARNING * * *
You tentacle-slap the orc priest.
The orc priest is moderately wounded.
You constrict the orc priest, but do no damage.
The orc priest hits you with a cursed +0 war axe.
You die...

###########
..........#
#########)# . #.# ...
#########.#
.....#####.......#.#
#.oo@...........#####
#.#####.#.######)....
#.#.# #.......# #.#.#
#.##....# #.#.# #
##'#.# #.#.# #.#.#
#.#.# ###.# # #...#
#..<# ##### #####


You could see an orc priest and an orc wizard.

Vanquished Creatures
  Terence (D:2)
  An adder (D:2)
  A worm (D:2)
  A dart slug (D:2)
  3 leopard geckos
  2 orcs (D:3)
  2 giant cockroaches
  8 hobgoblins
  2 jackals (D:2)
  6 bats
  6 frilled lizards
  2 goblins (D:2)
  5 kobolds
  3 rats
43 creatures vanquished.

Notes
Turn   | Place    | Note
-------+----------+-------------------------------------------
     0 | D:1      | stripedtigrrr the Octopode Wizard began the quest for the
                  | Orb.
     0 | D:1      | Reached XP level 1. HP: 11/11 MP: 4/4
   481 | D:1      | Reached XP level 2. HP: 16/17 MP: 0/6
   590 | D:1      | Learned a level 2 spell: Call Imp
   593 | D:1      | Learned a level 2 spell: Blink
  1624 | D:2      | Reached XP level 3. HP: 17/21 MP: 1/7
  2218 | D:2      | Noticed Terence
  2235 | D:2      | Killed Terence
  2235 | D:2      | Reached XP level 4. HP: 17/27 MP: 4/9
  2240 | D:2      | Found a radiant altar of Vehumet.
  2750 | D:2      | Learned a level 3 spell: Mephitic Cloud
  2847 | D:3      | Slain by an orc priest

Levels and vault maps discovered:
D:1:      minmay_arrival_shoal_huts, layout_loops_ring, serial_glass,
          glass_columns_a, glass_columns_b
D:2:      layout_basic, fiery_altar_vehumet, uniq_terence
D:3:      layout_basic, first_ration

Skill      XL: |  1  2  3  4 |
---------------+-------------+-----
Stealth        | 3 |  3.2
Conjurations   | 2 |  2.0
Fighting       | |  0.5
Dodging        | |  2.1
Unarmed Combat | |  0.8
Spellcasting   | |  3.7
Summonings     | |  1.3
Translocations | |  1.5

Action                   |  1- 3 |  4- 6 || total
-------------------------+-------+-------++-------
Melee: Unarmed           |    58 |    22 ||    80
       Constrict         |    14 |     8 ||    22
       Tentacles         |     7 |     2 ||     9
Throw: Stone             |       |     2 ||     2
 Cast: Magic Dart        |    62 |    25 ||    87
 Stab: Sleeping          |     1 |       ||     1
  Eat: Ration            |     1 |       ||     1
       Chunk             |       |     2 ||     2
Armor: Skin              |    14 |     1 ||    15
Dodge: Dodged            |    63 |    10 ||    73
